 Dungeon Crawl Stone Soup version 0.25-a0-861-g340c9e8194 (webtiles) character file.

Game seed: 11923790324546738068, levelgen mode: classic

309 EnegeticOcto the Chopper (level 6, -10/57 HPs)
             Began as a Deep Dwarf Fighter on Apr 29, 2020.
             Mangled by an ogre
             ... wielding a +0 giant spiked club
              (14 damage)
             ... on level 4 of the Dungeon.
             The game lasted 00:00:56 (1379 turns).

EnegeticOcto the Chopper (Deep Dwarf Fighter)       Turns: 1379, Time: 00:00:58

Health: -10/57     AC:  7    Str: 22    XL:     6   Next: 17%
Magic:  5/5        EV:  7    Int:  8    God:
Gold:   122        SH: 10    Dex: 12    Spells: 5/5 levels left

rFire    . . .     SeeInvis .   a - +0 war axe
rCold    . . .     Gourm    .   c - +0 kite shield
rNeg     . . .     Faith    .   b - +0 scale mail
rPois    .         Spirit   .   (no helmet)
rElec    .         Reflect  .   (no cloak)
rCorr    .         Harm     .   (no gloves)
MR       .....                  (no boots)
Stlth    ..........             (no amulet)
HPRegen  0.00/turn              (no ring)
MPRegen  0.09/turn              (no ring)

@: non-regenerating
A: damage resistance, heal wounds, sense surroundings 1, no regeneration
a: Heal Wounds


You were on level 4 of the Dungeon.
You were not hungry.

You visited 1 branch of the dungeon, and saw 4 of its levels.

You collected 122 gold pieces.

Inventory:

Hand Weapons
 a - a +0 war axe (weapon)
Armour
 b - a +0 scale mail (worn)
 c - a +0 kite shield (worn)
 i - a +0 pair of gloves
Scrolls
 g - a scroll of noise {unknown}
 h - a scroll of immolation {unknown}
 j - a scroll of identify {unknown}
 l - a scroll of teleportation {unknown}
 m - a scroll of amnesia {unknown}
 n - a scroll of remove curse {unknown}
 o - a scroll of magic mapping {unknown}
Potions
 f - 2 potions of ambrosia {unknown}
 k - a potion of might {@q3}
 p - a potion of invisibility {unknown}
Comestibles
 d - 5 chunks of flesh
 e - 7 rations


   Skills:
 * Level 4.2 Fighting
 * Level 4.5 Axes
 + Level 4.2 Armour
 + Level 4.3 Shields


You had 5 spell levels left.
You didn't know any spells.
Your spell library was empty.

Dungeon Overview and Level Annotations

Branches:
Dungeon (4/15)
 Temple: D:4-7

Altars:
Dithmenos
Fedhas
Kikubaaqudgha
Nemelex Xobeh
Qazlal
Ru
Wu Jian
Xom


Innate Abilities, Weirdness & Mutations

You are resistant to damage.
You can heal yourself by infusing magical energy.
You passively map a small area around you.
You do not regenerate.


Message History

No target in view!
No target in view!
You butcher the worker ant corpse.
d - 5 chunks of flesh (gained 1)
There is an open door here. x2
You open the door.
There is an open door here.
o - a scroll labeled QUUKUT USCHIU You open the door.
There is an open door here.
Some of the chunks of flesh in your inventory have rotted away.
You open the door.
There is an open door here.
p - a white potion You open the door.
There is an open door here.
A worm comes into view.
A worm is nearby!
A worm is nearby!
You hit the worm.
The worm is lightly wounded.
The worm bites you.
You barely miss the worm.
The worm is lightly wounded.
You block the worm's attack.
You slash the worm!
The worm is moderately wounded.
The worm barely misses you.
You hit the worm.
The worm is heavily wounded.
The worm bites you.
You slash the worm!
You kill the worm!
No target in view!
No target in view!
No target in view!
You butcher the worm corpse.
d - 5 chunks of flesh (gained 3)
Found a stone staircase leading down.
You enter the shallow water.
Moving in this stuff is going to be slow.
You now have 122 gold pieces (gained 18).
There is an open door here.
An ogre comes into view. It is wielding a +0 giant spiked club.
The ogre shouts!
You hear an angry hiss.
A frilled lizard comes into view.
There are monsters nearby!
There are monsters nearby!
There are monsters nearby!
You block the ogre's attack.
You hit the ogre.
The ogre is lightly wounded.
The ogre barely misses you.
You hit the ogre.
The ogre is moderately wounded.
The ogre hits you with a +0 giant spiked club!
You block the frilled lizard's attack.
You closely miss the ogre.
The ogre is moderately wounded.
You closely miss the frilled lizard. The frilled lizard closely misses you.
The ogre hits you with a +0 giant spiked club!
Your shield and scale mail prevent you from hitting the ogre.
The ogre is moderately wounded.
Your shield prevents you from hitting the frilled lizard.
You block the frilled lizard's attack. You block the ogre's attack.
Your shield and scale mail prevent you from hitting the ogre.
The ogre is moderately wounded.
You slash the frilled lizard!
You kill the frilled lizard!
You block the ogre's attack.
You hit the ogre.
The ogre is heavily wounded.
You block the ogre's attack.
You slash the ogre!
The ogre is severely wounded.
The ogre hits you with a +0 giant spiked club!!
* * * LOW HITPOINT WARNING * * *
You are too injured to fight recklessly!
You are too injured to fight recklessly!
You are too injured to fight recklessly!
An ogre is nearby!
An ogre is nearby!
An ogre is nearby!
An ogre is nearby!
An ogre is nearby!
You barely miss the ogre.
The ogre is severely wounded.
The ogre hits you with a +0 giant spiked club!
* * * LOW HITPOINT WARNING * * *
You hit the ogre.
The ogre is almost dead.
The ogre hits you with a +0 giant spiked club.
* * * LOW HITPOINT WARNING * * *
You barely miss the ogre.
The ogre is almost dead.
You block the ogre's attack.
You hit the ogre.
The ogre is almost dead.
The ogre hits you with a +0 giant spiked club!
You die...

................# #....#
#####...#######.###....#
#####...#######..##....##########
....'...'.........'....'.........
#####...########..#....#.########
#...# ##.#....#.#
#...#########.#....#.#
######........#....#.#
#.....O@..#####.# #.........# #.#
#.........# #.########
#..........# #.#.......
#........#.####.#.......
#...............'.......
#..........####.#.......
#..........# #.#....... ,,
#.#.......


You could see an ogre.

Vanquished Creatures
  An ice beast (D:3)
  A crimson imp (D:3)
  A worker ant (D:4)
  A killer bee zombie (D:3)
  5 adders
  7 worms
  3 dart slugs
  A leopard gecko (D:2)
  5 orcs (D:3)
  10 bats
  2 giant cockroaches
  3 goblins
  6 hobgoblins
  7 jackals (D:3)
  4 frilled lizards
  3 kobolds (D:2)
  5 rats
65 creatures vanquished.

Notes
Turn   | Place    | Note
-------+----------+-------------------------------------------
     0 | D:1      | EnegeticOcto the Deep Dwarf Fighter began the quest for the
                  | Orb.
     0 | D:1      | Reached XP level 1. HP: 20/20 MP: 1/1
   152 | D:2      | Reached XP level 2. HP: 22/27 MP: 2/2
   211 | D:2      | Reached XP level 3. HP: 27/34 MP: 3/3
   268 | D:2      | Found an ancient bone altar of Kikubaaqudgha.
   269 | D:2      | Found a sparkling altar of Nemelex Xobeh.
   270 | D:2      | Found an ornate altar of the Wu Jian Council.
   272 | D:2      | Found a shadowy altar of Dithmenos.
   272 | D:2      | Found a sacrificial altar of Ru.
   272 | D:2      | Found a stormy altar of Qazlal.
   273 | D:2      | Found a blossoming altar of Fedhas.
   545 | D:3      | Noticed an ice beast
   555 | D:3      | Reached XP level 4. HP: 40/42 MP: 4/4
   573 | D:3      | Killed an ice beast
   573 | D:3      | Reached XP level 5. HP: 43/50 MP: 4/4
  1035 | D:3      | Reached XP level 6. HP: 55/57 MP: 5/5
  1056 | D:3      | Found a shimmering altar of Xom.
  1379 | D:4      | Mangled by an ogre

Levels and vault maps discovered:
D:1:      lightli_molten_gateway, layout_loops_corners
D:2:      layout_rooms, grunt_temple_overflow_open
D:3:      layout_basic, first_ration, xom_teletrap_fun
D:4:      layout_basic, grunt_decor_cap,
          hangedman_abyss_or_decor_jellyfish_corner, minmay_statues_item

Skill      XL: |  1  2  3  4  5 |
---------------+----------------+-----
Fighting       | 3 4 |  4.2
Axes           | 3 4 |  4.5
Shields        | 4 |  4.3
Armour         | 4 |  4.2

Action                   |  1- 3 |  4- 6 || total
-------------------------+-------+-------++-------
Melee: War axe           |    81 |   132 ||   213
 Abil: Heal Wounds       |     2 |     3 ||     5
  Eat: Chunk             |       |     2 ||     2
Armor: Scale mail        |    36 |    65 ||   101
Dodge: Dodged            |    40 |    39 ||    79
Block: Kite shield       |    48 |    91 ||   139

Table legend:
 A = Non-vault XP
 B = Vault XP
 C = Vault XP percentage of total XP
 D = Non-vault monster count
 E = Vault monster count
 F = Vault count percentage of total count
                 A         B        C        D         E       F
            +---------+---------+-------+---------+---------+-------
      Total |     442 |       0 |   0.0 |      65 |       0 |   0.0
            +---------+---------+-------+---------+---------+-------
        D:1 |       2 |       0 |   0.0 |       1 |       0 |   0.0
        D:2 |      85 |       0 |   0.0 |      27 |       0 |   0.0
        D:3 |     317 |       0 |   0.0 |      34 |       0 |   0.0
        D:4 |      38 |       0 |   0.0 |       3 |       0 |   0.0
            +---------+---------+-------+---------+---------+-------
